PCL
SPOKANE INDIANS @ SAN JOSE MISSIONS
04/14/1982
 
TOP OF THE 1ST
Spokane Indians batting - Pitching for San Jose Missions : RHP Tim Hamm
Pitching: RHP Tim Hamm
Batting: SHB Jose Oquendo 0-0: Foul Ball, location: 2F
0-1: Foul Ball, location: 2F
0-2: Ball
1-2: Foul Ball, location: 2F
1-2: Foul Ball, location: 2F
1-2: Ball
2-2: Strikes out swinging
Batting: LHB Stu Pederson 0-0: Swinging Strike
0-1: Called Strike
0-2: Strikes out swinging
Batting: SHB Mark Gillaspie 0-0: Called Strike
0-1: Ball
1-1: Ball
2-1: Swinging Strike
2-2: Strikes out swinging
Top of the 1st over - 0 runs, 0 hits, 0 errors, 0 left on base; Spokane 0 - San Jose 0
BOTTOM OF THE 1ST
San Jose Missions batting - Pitching for Spokane Indians : RHP Gordon Guzenski
Pitching: RHP Gordon Guzenski
Batting: SHB Curt Bryan 0-0: Ball
1-0: Ball
2-0: Called Strike
2-1: Ball
3-1: Base on Balls
Batting: LHB Jack Perconte 0-0: Called Strike
0-1: Ball
1-1: Called Strike
1-2: Ball
2-2: Ball
3-2: Base on Balls
Curt Bryan to second
Batting: LHB Marvell Wynne 0-0: DOUBLE (Groundball, 5D, EV 106.3 MPH)
Curt Bryan scores
Jack Perconte to third
Runner from 3rd tries for Home, SAFE, no throw by LF
Batting: RHB John Rabb 0-0: Ball
1-0: Called Strike
1-1: Called Strike
1-2: Strikes out swinging
Batting: SHB David Piller 0-0: Ball
Marvell Wynne steals 3rd base (no throw)
1-0: Ball
2-0: Called Strike
2-1: Foul Ball, location: 2F
2-2: Ball
3-2: Foul Ball, location: 2F
3-2: Base on Balls
Batting: LHB Steven Michael 0-0: Foul Ball, location: 2F
0-1: Ball
1-1: Called Strike
1-2: Ball
2-2: Foul Ball, location: 2F
2-2: Fly out, F7 (Flyball, 7, EV 91.3 MPH)
Batting: RHB Pablo Cardiel 0-0: Ball
1-0: Ball
2-0: Ball
3-0: Base on Balls
David Piller to second
Batting: LHB Jesus Valerio 0-0: Ball
1-0: Foul Ball, location: 2F
1-1: Ball
2-1: Ball
3-1: Foul Ball, location: 2F
3-2: Foul Ball, location: 2F
3-2: Foul Ball, location: 2F
3-2: Base on Balls
Marvell Wynne scores
David Piller to third
Pablo Cardiel to second
Batting: LHB Glen Franklin 0-0: Ball
1-0: Ground out U3 (Groundball, 23, EV 82.5 MPH)
Bottom of the 1st over - 3 runs, 1 hit, 0 errors, 3 left on base; Spokane 0 - San Jose 3
TOP OF THE 2ND
Spokane Indians batting - Pitching for San Jose Missions : RHP Tim Hamm
Batting: RHB Bill Schroeder 0-0: Ball
1-0: Ball
2-0: Called Strike
2-1: Foul Ball, location: 2F
2-2: Fly out, F7 (Line Drive, 7D, EV 90.6 MPH)
Batting: LHB Dave Stockstill 0-0: Foul Ball, location: 2F
0-1: Ball
1-1: Foul Ball, location: 2F
1-2: Foul Ball, location: 2F
1-2: Ball
2-2: Foul Ball, location: 2F
2-2: Foul Ball, location: 2F
2-2: Foul Ball, location: 2F
2-2: TRIPLE (Line Drive, 78XD, EV 96.3 MPH)
Batting: RHB Tom Watkins 0-0: Called Strike
0-1: Ball
1-1: Foul Ball, location: 2F
1-2: 2-RUN HOME RUN (Flyball, 7D, EV 93.1 MPH), Distance : 367 ft
Batting: SHB Spike Owen 0-0: Ball
1-0: Called Strike
1-1: Ball
2-1: Foul Ball, location: 2F
2-2: Ground out 5-3 (Groundball, 25, EV 77.5 MPH)
Batting: RHB Craig Landis 0-0: Ball
1-0: Ball
2-0: Called Strike
2-1: Swinging Strike
2-2: Foul Ball, location: 2F
2-2: Ground out 1-3 (Groundball, 15S, EV 66.3 MPH)
Top of the 2nd over - 2 runs, 2 hits, 0 errors, 0 left on base; Spokane 2 - San Jose 3
BOTTOM OF THE 2ND
San Jose Missions batting - Pitching for Spokane Indians : RHP Gordon Guzenski
Batting: SHB Curt Bryan 0-0: Foul Ball, location: 2F
0-1: Ball
1-1: Called Strike
1-2: Ball
2-2: Ball
3-2: Base on Balls
Batting: LHB Jack Perconte 0-0: Ball
1-0: Ball
2-0: Fielders Choice at 2nd, 6-4 (Groundball, 6, EV 86.3 MPH)
Batting: LHB Marvell Wynne 0-0: Fielders Choice at 2nd, 3-6 (Groundball, 3, EV 84.4 MPH)
Batting: RHB John Rabb 0-0: Called Strike
0-1: Ball
1-1: Fly out, F9 (Line Drive, 9, EV 86.9 MPH)
Bottom of the 2nd over - 0 runs, 0 hits, 0 errors, 1 left on base; Spokane 2 - San Jose 3
TOP OF THE 3RD
Spokane Indians batting - Pitching for San Jose Missions : RHP Tim Hamm
Batting: RHB Matthew Tyner 0-0: SINGLE (Flyball, 9LS, EV 93.8 MPH) - OUT at second base trying to stretch hit.
Batting: SHB Jose Oquendo 0-0: Fly out, F7 (Flyball, 7D, EV 90.6 MPH)
Batting: LHB Stu Pederson 0-0: Ball
1-0: Foul Ball, location: 2F
1-1: Ball
2-1: Called Strike
2-2: Fly out, F6 (Line Drive, 6, EV 69.4 MPH)
Top of the 3rd over - 0 runs, 1 hit, 0 errors, 0 left on base; Spokane 2 - San Jose 3
BOTTOM OF THE 3RD
San Jose Missions batting - Pitching for Spokane Indians : RHP Gordon Guzenski
Batting: SHB David Piller 0-0: Ball
1-0: Called Strike
1-1: Ground out 6-3 (Groundball, 6, EV 88.1 MPH)
Batting: LHB Steven Michael 0-0: Ball
1-0: Foul Ball, location: 2F
1-1: Ball
2-1: Ball
3-1: Base on Balls
Batting: RHB Pablo Cardiel 0-0: Ball
1-0: Ball
Steven Michael steals 2nd base
2-0: Fly out, F7 (Line Drive, 7, EV 92.5 MPH)
Batting: LHB Jesus Valerio 0-0: Foul Ball, location: 2F
0-1: Called Strike
0-2: Ball
1-2: Ball
2-2: Ground out 6-3 (Groundball, 6M, EV 96.9 MPH)
Bottom of the 3rd over - 0 runs, 0 hits, 0 errors, 1 left on base; Spokane 2 - San Jose 3
TOP OF THE 4TH
Spokane Indians batting - Pitching for San Jose Missions : RHP Tim Hamm
Batting: SHB Mark Gillaspie 0-0: Called Strike
0-1: Ground out 6-3 (Groundball, 6MD, EV 79.4 MPH)
Batting: RHB Bill Schroeder 0-0: SINGLE (Line Drive, 56, EV 94.4 MPH)
Batting: LHB Dave Stockstill 0-0: Ball
Bill Schroeder steals 2nd base
1-0: Foul Ball, location: 2F
1-1: Called Strike
1-2: Ball
2-2: Strikes out swinging
Batting: RHB Tom Watkins 0-0: Called Strike
0-1: SINGLE (Line Drive, 7LS, EV 95.6 MPH)
Bill Schroeder to third
Batting: SHB Spike Owen 0-0: Ball
Tom Watkins is caught stealing 2nd base 2-6
Top of the 4th over - 0 runs, 2 hits, 0 errors, 1 left on base; Spokane 2 - San Jose 3
BOTTOM OF THE 4TH
San Jose Missions batting - Pitching for Spokane Indians : RHP Gordon Guzenski
Batting: LHB Glen Franklin 0-0: Ball
1-0: SINGLE (Groundball, 34D, EV 104.4 MPH)
Batting: SHB Curt Bryan 0-0: Called Strike
0-1: Ball
1-1: Ball
2-1: Ball
3-1: Base on Balls
Glen Franklin to second
Batting: LHB Jack Perconte 0-0: Ball
1-0: Called Strike
1-1: Swinging Strike
1-2: Foul Ball, location: 2F
1-2: Ball
2-2: Fly out, F8 (Flyball, 89D, EV 94.4 MPH)
Runner from 2nd tags up, SAFE at 3rd, no throw by CF
Batting: LHB Marvell Wynne 0-0: Ball
1-0: Ball
2-0: Foul Ball, location: 2F
2-1: Ball
Curt Bryan steals 2nd base
3-1: Foul Ball, location: 2F
3-2: Fly out, F8 (Flyball, 78M, EV 83.8 MPH)
Runner from 3rd tags up, SCORES, no throw by CF
Batting: RHB John Rabb 0-0: Ball
1-0: Ball
2-0: Ball
3-0: Called Strike
3-1: Fly out, F5 (Line Drive, 5, EV 68.1 MPH)
Bottom of the 4th over - 1 run, 1 hit, 0 errors, 1 left on base; Spokane 2 - San Jose 4
TOP OF THE 5TH
Spokane Indians batting - Pitching for San Jose Missions : RHP Tim Hamm
Batting: SHB Spike Owen 0-0: Called Strike
0-1: Swinging Strike
0-2: Ball
1-2: Ground out 1-3 (Groundball, 15S, EV 73.1 MPH)
Batting: RHB Craig Landis 0-0: Ground out 5-3 (Groundball, 56, EV 80.0 MPH)
Batting: RHB Matthew Tyner 0-0: Foul Ball, location: 2F
0-1: DOUBLE (Flyball, 89D, EV 101.3 MPH)
Batting: SHB Jose Oquendo 0-0: Ball
1-0: Swinging Strike
1-1: Foul Ball, location: 2F
1-2: Ball
2-2: Ball
3-2: Strikes out swinging
Top of the 5th over - 0 runs, 1 hit, 0 errors, 1 left on base; Spokane 2 - San Jose 4
BOTTOM OF THE 5TH
San Jose Missions batting - Pitching for Spokane Indians : RHP Gordon Guzenski
Batting: SHB David Piller 0-0: Ground out 6-3 (Groundball, 6, EV 95.0 MPH)
Batting: LHB Steven Michael 0-0: Foul Ball, location: 2F
0-1: Foul Ball, location: 2F
0-2: Strikes out swinging
Batting: RHB Pablo Cardiel 0-0: Ball
1-0: Ball
2-0: Ball
3-0: Base on Balls
Batting: LHB Jesus Valerio 0-0: Called Strike
Pablo Cardiel steals 2nd base
0-1: Called Strike
0-2: Ball
1-2: Ground out 4-3 (Groundball, 4, EV 98.8 MPH)
Bottom of the 5th over - 0 runs, 0 hits, 0 errors, 1 left on base; Spokane 2 - San Jose 4
TOP OF THE 6TH
Spokane Indians batting - Pitching for San Jose Missions : RHP Tim Hamm
Batting: LHB Stu Pederson 0-0: Ball
1-0: Swinging Strike
1-1: Swinging Strike
1-2: Foul Ball, location: 2F
1-2: Strikes out swinging
Batting: SHB Mark Gillaspie 0-0: Ball
1-0: Ground out 4-3 (Groundball, 34D, EV 100.0 MPH)
Batting: RHB Bill Schroeder 0-0: Ball
1-0: Foul Ball, location: 2F
1-1: Fly out, F9 (Flyball, 89M, EV 86.3 MPH)
Top of the 6th over - 0 runs, 0 hits, 0 errors, 0 left on base; Spokane 2 - San Jose 4
BOTTOM OF THE 6TH
San Jose Missions batting - Pitching for Spokane Indians : RHP Gordon Guzenski
Batting: LHB Glen Franklin 0-0: Called Strike
0-1: Foul Ball, location: 2F
0-2: SOLO HOME RUN (Flyball, 9D, EV 108.1 MPH), Distance : 361 ft
Batting: SHB Curt Bryan 0-0: Called Strike
0-1: Fly out, F8 (Flyball, 8LD, EV 84.4 MPH)
Batting: LHB Jack Perconte 0-0: Called Strike
0-1: Ball
1-1: Foul Ball, location: 2F
1-2: Ground out 6-3 (Groundball, 6, EV 101.3 MPH)
Batting: LHB Marvell Wynne 0-0: Swinging Strike
0-1: Ground out 2-3 (Groundball, 2R, EV 68.8 MPH)
Bottom of the 6th over - 1 run, 1 hit, 0 errors, 0 left on base; Spokane 2 - San Jose 5
TOP OF THE 7TH
Spokane Indians batting - Pitching for San Jose Missions : RHP Tim Hamm
Batting: LHB Dave Stockstill 0-0: Ground out 3-1 (Groundball, 34, EV 84.4 MPH)
Batting: RHB Tom Watkins 0-0: Swinging Strike
0-1: Ball
1-1: Ball
2-1: SINGLE (Line Drive, 34D, EV 94.4 MPH)
Batting: SHB Spike Owen 0-0: Called Strike
0-1: Called Strike
0-2: Ball
Tom Watkins steals 2nd base
1-2: Foul Ball, location: 2F
1-2: Fly out, F7 (Flyball, 7LS, EV 86.3 MPH)
Batting: RHB Craig Landis 0-0: Called Strike
0-1: Ball
1-1: Ground out 6-3 (Groundball, 6, EV 85.0 MPH)
Top of the 7th over - 0 runs, 1 hit, 0 errors, 1 left on base; Spokane 2 - San Jose 5
BOTTOM OF THE 7TH
San Jose Missions batting - Pitching for Spokane Indians : RHP Gordon Guzenski
Batting: RHB John Rabb 0-0: Ball
1-0: Ball
2-0: Called Strike
2-1: Foul Ball, location: 2F
2-2: Foul Ball, location: 2F
2-2: Ball
3-2: Fly out, F7 (Flyball, 7D, EV 91.3 MPH)
Batting: SHB David Piller 0-0: Ball
1-0: Fly out, F8 (Flyball, 8LD, EV 100.0 MPH)
Batting: LHB Steven Michael 0-0: Ball
1-0: Fly out, F9 (Flyball, 9S, EV 82.5 MPH)
Bottom of the 7th over - 0 runs, 0 hits, 0 errors, 0 left on base; Spokane 2 - San Jose 5
TOP OF THE 8TH
Spokane Indians batting - Pitching for San Jose Missions : RHP Tim Hamm
Batting: RHB Matthew Tyner 0-0: Called Strike
0-1: Foul Ball, location: 2F
0-2: Ball
1-2: Ball
2-2: Ground out 1-3 (Groundball, 15, EV 74.4 MPH)
Batting: SHB Jose Oquendo 0-0: Ground out U3 (Groundball, 34, EV 89.4 MPH)
Batting: LHB Stu Pederson 0-0: Ball
1-0: Ball
2-0: Ball
3-0: Called Strike
3-1: SINGLE (Groundball, 3D, EV 102.5 MPH)
Batting: SHB Mark Gillaspie 0-0: Fly out, F7 (Flyball, 7, EV 78.1 MPH)
Top of the 8th over - 0 runs, 1 hit, 0 errors, 1 left on base; Spokane 2 - San Jose 5
BOTTOM OF THE 8TH
San Jose Missions batting - Pitching for Spokane Indians : RHP Gordon Guzenski
Pitching: RHP Rich Aspenleiter
Batting: RHB Pablo Cardiel 0-0: Called Strike
0-1: Ball
1-1: Ball
2-1: Ground out 4-3 (Groundball, 4, EV 101.9 MPH)
Batting: LHB Jesus Valerio 0-0: Called Strike
0-1: Fly out, F9 (Flyball, 9, EV 85.6 MPH)
Batting: LHB Glen Franklin 0-0: Ball
1-0: Foul Ball, location: 2F
1-1: SINGLE (Line Drive, 56D, EV 105.6 MPH)
Batting: SHB Curt Bryan 0-0: Ball
1-0: Called Strike
1-1: Foul Ball, location: 2F
1-2: Ground out 4-3 (Groundball, 4, EV 91.3 MPH)
Bottom of the 8th over - 0 runs, 1 hit, 0 errors, 1 left on base; Spokane 2 - San Jose 5
TOP OF THE 9TH
Spokane Indians batting - Pitching for San Jose Missions : RHP Tim Hamm
Pitching: LHP Thomas Biko
Now at 3B: Paul Runge
Batting: RHB Bill Schroeder 0-0: Ball
1-0: Foul Ball, location: 2F
1-1: Swinging Strike
1-2: Foul Ball, location: 2F
1-2: Ball
2-2: Strikes out swinging
Batting: LHB Dave Stockstill 0-0: Called Strike
0-1: Ball
1-1: Fly out, F5 (Popup, 5L, EV 76.9 MPH)
Batting: RHB Tom Watkins 0-0: Called Strike
0-1: Called Strike
0-2: Foul Ball, location: 2F
0-2: Ball
1-2: Strikes out swinging
Top of the 9th over - 0 runs, 0 hits, 0 errors, 0 left on base; Spokane 2 - San Jose 5
Tuesday, July 21st, 2020 - OOTP Baseball 21.4 Build 63